Map: Deathaura LE

Players

Nice

  • Race: Protoss Protoss
  • League: Grandmaster
  • Spawn Location: 11:00

Has - Winner!

  • Race: Protoss Protoss
  • Spawn Location: 5:00

Event: DreamHack SC2 Masters 2020 Winter

VOD

Have the link to the VOD?

Description

Time

  • Played on: Oct. 25, 2020, 10 a.m.
  • Length: 6:31

All games in this series

Show
View Real Time Build Order
Export as new Build Order

Nice Protoss 

Build Orders:  

Get SALT Encoding   

  12  0:00  Probe  
  13  0:12  Probe  
  14  0:19  Pylon  
  14  0:24  Probe (Chrono Boost)  
  15  0:37  Gateway  
  15  0:39  Probe (Chrono Boost)  
  16  0:45  Probe (Chrono Boost)  
  16  0:47  Assimilator  
  17  0:53  Probe  
  17  0:55  Assimilator  
  18  1:05  Probe (Chrono Boost)  
  18  1:08  Gateway  
  19  1:15  Probe (Chrono Boost)  
  20  1:20  Probe (Chrono Boost)  
  20  1:25  Cybernetics Core  
  21  1:31  Probe  
  22  1:38  Pylon  
  22  1:43  Probe  
  23  1:58  Warp Gate (Chrono Boost)  
  23  2:01  Stalker x2  
  25  2:05  Pylon  
  27  2:24  Robotics Facility  
  27  2:31  Stalker  
  27  2:36  Stalker  
  31  2:44  Gateway  
  31  2:50  Gateway  
  31  3:02  Stalker  
  33  3:09  Warp Prism (Chrono Boost)  
  35  3:22  Pylon  
  35  3:38  Observer  
  36  3:56  Stalker x2  
  36  3:57  Stalker  
  42  4:12  Immortal (Chrono Boost)  
  44  4:19  Adept  
  42  4:29  Adept x2  
  46  4:32  Pylon  
  46  4:42  Robotics Bay  
  46  4:49  Immortal (Chrono Boost)  
  50  5:09  Adept x2  
  49  5:29  Adept x3  
  49  5:30  Adept  
  22  6:03  Adept x2  
Show
View Real Time Build Order
Export as new Build Order

Has Protoss - Winner!

Build Orders: Nexus First 

Get SALT Encoding   

  12  0:00  Probe  
  13  0:12  Probe  
  14  0:19  Pylon  
  14  0:24  Probe (Chrono Boost)  
  15  0:37  Probe (Chrono Boost)  
  16  0:45  Probe (Chrono Boost)  
  17  0:57  Nexus  
  17  1:07  Gateway  
  17  1:10  Probe  
  18  1:17  Assimilator  
  18  1:20  Assimilator  
  18  1:23  Probe  
  19  1:35  Probe  
  19  1:36  Gateway  
  20  1:47  Probe  
  20  1:54  Cybernetics Core  
  21  1:58  Pylon  
  22  2:03  Zealot (Chrono Boost)  
  23  2:16  Forge  
  23  2:19  Probe  
  23  2:21  Probe  
  25  2:27  Stalker (Chrono Boost)  
  25  2:36  Robotics Facility  
  27  2:37  Warp Gate  
  27  2:42  Probe  
  28  2:47  Shield Battery  
  28  2:54  Stalker  
  31  3:05  Photon Cannon  
  28  3:14  Pylon  
  28  3:20  Immortal (Chrono Boost)  
  32  3:31  Shield Battery  
  32  3:41  Gateway  
  32  3:51  Shield Battery  
  32  3:53  Warp Prism (Chrono Boost)  
  34  4:05  Probe  
  35  4:18  Probe  
  35  4:19  Immortal (Chrono Boost)  
  40  4:27  Stalker  
  40  4:28  Probe  
  43  4:31  Pylon  
  43  4:40  Probe x2  
  45  4:49  Immortal (Chrono Boost)  
  49  4:56  Photon Cannon  
  49  4:57  Probe  
  50  5:02  Sentry  
  50  5:03  Adept  
  54  5:07  Pylon  
  54  5:24  Immortal (Chrono Boost)  
  58  5:31  Zealot  
  58  5:34  Pylon  
  53  5:50  Probe x2  
  48  6:07  Probe  
  48  6:09  Probe  
Tags
 
Add a new tag
Caveats
  • Supply blocks, unpowered buildings, or Contaminate may cause inaccurate times.
  • Supply counts are checked every 10 seconds.